 Dungeon Crawl Stone Soup version 0.20.1-1-g8b1a95d (webtiles) character file.

668 lotsofdiagrams the Magician (level 7, -8/50 HPs)
             Began as a Mummy Summoner on July 9, 2017.
             Was an Initiate of Sif Muna.
             Killed from afar by a salamander mystic (35 damage)
             ... with an orb of energy
             ... created by the fury of Okawaru
             ... on level 5 of the Dungeon.
             The game lasted 01:41:18 (8518 turns).

lotsofdiagrams the Magician (Mummy Summoner)        Turns: 8518, Time: 01:41:19

Health: -8/50      AC:  5    Str: 11    XL:     7   Next: 32%
Magic:  8/15       EV: 15    Int: 17    God:    Sif Muna [......]
Gold:   251        SH:  0    Dex: 12    Spells: 6/17 levels left

rFire    x . .     SeeInvis .   k - +3 hand axe
rCold    + . .     Gourm    .   (no shield)
rNeg     + + +     Faith    .   a - +1 robe
rPois    ∞         Spirit   .   (no helmet)
rElec    .         Reflect  .   (no cloak)
rCorr    .         Harm     .   m - +0 pair of gloves
MR       .....                  C - +0 pair of boots
Stlth    ++........             (no amulet)
Regen    0.2/turn               n - +3 ring of evasion
MPRegen  0.2/turn               D - +4 ring of slaying

@: no status effects
A: no food or potions, fire vulnerability, cold resistance 1, negative energy
resistance 3, torment resistance, unbreathing
a: Renounce Religion


You were on level 5 of the Dungeon.
You worshipped Sif Muna.
Sif Muna was noncommittal.
You were not hungry.

You visited 2 branches of the dungeon, and saw 6 of its levels.
You also visited: Ossuary.

You collected 251 gold pieces.

Inventory:

Hand Weapons
 c - a +1 club
 j - a +0 whip of electrocution
 k - a +3 hand axe (weapon)
 q - a +0 blowgun
Missiles
 d - 148 stones
 f - 2 tomahawks (quivered)
 o - 14 poisoned needles
Armour
 a - a +1 robe (worn)
 m - a +0 pair of gloves (worn)
 C - a +0 pair of boots (worn)
Jewellery
 n - a +3 ring of evasion (left hand)
 x - an uncursed ring of positive energy
 D - a +4 ring of slaying (right hand)
 E - a +2 ring of evasion
Scrolls
 i - 4 scrolls of identify
 p - 5 scrolls of remove curse
 t - 2 scrolls of teleportation
 v - a scroll of noise
 B - 3 scrolls of fear
Potions
 e - 2 potions of lignification {unknown}
 g - 4 potions of heal wounds {unknown}
 h - 2 potions of brilliance {what}
 l - 3 potions of curing {unknown}
 s - a potion of berserk rage {unknown}
 w - a potion of ambrosia {unknown}
 z - 2 potions of cancellation
 A - a potion of might {unknown}
Books
 b - a book of Callings

   Spells                             Type                      Level
   a - Summon Small Mammal            Summoning                    1
   b - Call Imp                       Summoning                    2
   c - Call Canine Familiar           Summoning                    3
   d - Summon Guardian Golem          Hexes/Summoning              3
   e - Summon Lightning Spire         Summoning/Air                4
   f - Summon Ice Beast               Ice/Summoning                4
 u - a book of Minor Magic

   Spells                             Type                      Level
   a - Magic Dart                     Conjuration                  1
   b - Blink                          Translocation                2
   c - Call Imp                       Summoning                    2
   d - Slow                           Hexes                        2
   e - Conjure Flame                  Conjuration/Fire             3
   f - Mephitic Cloud                 Conjuration/Poison/Air       3
Comestibles
 r - a royal jelly


   Skills:
 + Level 2.1 Fighting
 + Level 2.2 Axes
 + Level 0.1(1.3) Maces & Flails
 + Level 2.3 Dodging
 + Level 2.6 Stealth
 + Level 5.7 Spellcasting
 + Level 0.2 Conjurations
 + Level 0.6 Hexes
 + Level 4.6 Summonings
 + Level 0.5 Invocations


You had 6 spell levels left.
You knew the following spells:

 Your Spells              Type           Power        Failure   Level  Hunger
a - Summon Guardian Gole  Hex/Summ       ##......     13%         3    N/A
b - Call Imp              Summ           ###.....     3%          2    N/A
c - Magic Dart            Conj           #...         12%         1    N/A
d - Call Canine Familiar  Summ           ###.....     6%          3    N/A
e - Blink                 Tloc           N/A          21%         2    N/A

Dungeon Overview and Level Annotations

Branches:
Dungeon (5/15)             Temple (1/1) D:5

Altars:
Cheibriados
Dithmenos
Elyvilon
Fedhas
Gozag
Kikubaaqudgha
Makhleb
Nemelex Xobeh
Okawaru
Qazlal
Ru
Sif Muna
Trog
Uskayaw
Vehumet
Xom
Yredelemnul
The Shining One


Innate Abilities, Weirdness & Mutations

You do not eat or drink.
Your flesh is vulnerable to fire.
You are immune to poison.
Your flesh is cold resistant. (rC+)
You are immune to negative energy. (rN+++)
You are immune to unholy pain and torment.
You can survive without breathing.


Message History

You closely miss the naga.
The naga seems to regain its courage.
You hit the naga but do no damage. The naga closely misses you.
The naga barely misses you. The naga spits poison at you.
The splash of poison hits you! You resist.
The naga shouts!
You hit the naga.
The naga is lightly wounded.
The naga spits poison at you. The splash of poison hits you! You resist.
The naga hits you but does no damage. The naga grabs you.
The naga constricts you.
You escape the naga's grasp.
The salamander mystic points at you and mumbles some strange words.
The orb of energy hits you!
The orb of energy explodes!
The salamander mystic gestures at you while chanting.
The orb of energy hits you!
Ouch! That really hurt!
You die...

#.............#####........
#.#.......#####............
#.........#..8#......>.....
#............_#............
##........#..8#............
##.#'#+#######............
##.....#...............###
#....####...............#
#........@..............#
#...#####....<..........#
#...##...........#'##...##
###.##+###.......#.##...##
#.....##....N..#.##...##
#...%.###+####.#.##...##
#......##.####.#.##...##
###.....##........##...##
#§#§....####.#....##...##


You could see a salamander mystic.

Vanquished Creatures
  A howler monkey (D:4)
  An orc wizard (D:4)
  A worker ant (D:4)
  2 big kobold zombies (Ossuary)
  5 adders
  A gnoll (D:4)
  3 oozes
  3 adder zombies (Ossuary)
  A dart slug (D:1)
  3 worms
  3 leopard geckos
  5 orcs
  2 giant cockroaches
  3 goblins
  8 hobgoblins
  5 jackals
  A quokka (D:4)
  3 bats
  3 frilled lizards
  A giant cockroach zombie (D:5)
  A gnoll zombie (Ossuary)
  4 hobgoblin zombies (Ossuary)
  A jackal skeleton (D:4)
  4 kobolds
  3 kobold zombies (Ossuary)
  4 orc zombies (Ossuary)
  4 rats
  A bush (D:5)
77 creatures vanquished.

Vanquished Creatures (collateral kills)
  Grinder (D:3)
  A water moccasin (D:5)
  An ogre (D:4)
  A crimson imp (D:5)
  Natasha (twice) (D:2)
  An iguana (D:4)
  2 mummies (Ossuary)
  An adder (D:3)
  3 gnolls (D:4)
  An ooze (D:1)
  4 adder zombies (Ossuary)
  A worm (D:4)
  A ball python (D:3)
  2 giant cockroaches
  5 goblins
  A hobgoblin (D:2)
  4 jackals
  4 kobolds
  2 bats
  5 frilled lizards
  3 kobold zombies (Ossuary)
  2 orc zombies (Ossuary)
  9 rats
57 creatures vanquished.

Vanquished Creatures (others)
  A cyclops (D:5)
1 creature vanquished.

Grand Total: 135 creatures vanquished

Notes
Turn   | Place    | Note
-------+----------+-------------------------------------------
     0 | D:1      | lotsofdiagrams the Mummy Summoner began the quest for the Orb.
     0 | D:1      | Reached XP level 1. HP: 13/13 MP: 4/4
   738 | D:1      | Reached XP level 2. HP: 17/19 MP: 2/5
  1150 | D:1      | Reached skill level 3 in Spellcasting
  2051 | D:2      | Learned a level 2 spell: Call Imp
  2053 | D:2      | Learned a level 1 spell: Magic Dart
  2058 | D:2      | Reached XP level 3. HP: 15/24 MP: 7/7
  3049 | D:2      | Found a sparkling altar of Nemelex Xobeh.
  3089 | D:2      | Became a worshipper of Nemelex Xobeh the Trickster
  3183 | D:2      | Noticed Natasha
  3192 | D:2      | Killed Natasha
  3665 | D:2      | Received a gift from Nemelex Xobeh
  3684 | D:2      | Reached XP level 4. HP: 19/30 MP: 6/9
  3709 | D:2      | Noticed Natasha
  3723 | D:2      | Killed Natasha
  4106 | D:3      | Reached skill level 4 in Spellcasting
  4529 | D:3      | Reached * piety under Nemelex Xobeh
  5210 | D:3      | Noticed Grinder
  5228 | D:3      | Killed Grinder
  5228 | D:3      | Reached skill level 1 in Fighting
  5228 | D:3      | Reached skill level 1 in Axes
  5228 | D:3      | Reached XP level 5. HP: 30/37 MP: 7/12
  5558 | D:4      | Found a sand-covered staircase.
  5563 | Ossuary  | Entered an ossuary
  5627 | Ossuary  | Reached XP level 6. HP: 30/43 MP: 2/13
  6132 | Ossuary  | Learned a level 3 spell: Summon Guardian Golem
  6136 | Ossuary  | Learned a level 3 spell: Call Canine Familiar
  6139 | Ossuary  | Learned a level 2 spell: Blink
  6203 | D:4      | Received a gift from Nemelex Xobeh
  6554 | D:4      | Reached skill level 5 in Spellcasting
  6817 | D:4      | Reached ** piety under Nemelex Xobeh
  6853 | D:4      | Reached XP level 7. HP: 42/49 MP: 12/15
  7165 | D:4      | Found an opulent altar of Gozag.
  7165 | D:4      | Found a shadowy altar of Dithmenos.
  7165 | D:4      | Found an iron altar of Okawaru.
  7487 | D:5      | Entered Level 5 of the Dungeon
  7542 | D:5      | Found a staircase to the Ecumenical Temple.
  7561 | Temple   | Entered the Ecumenical Temple
  7720 | Temple   | Fell from the grace of Nemelex Xobeh
  7720 | Temple   | Became a worshipper of Sif Muna the Loreminder
  7844 | D:5      | Found an opulent altar of Gozag.
  8344 | D:5      | Noticed a cyclops
  8344 | D:5      | Noticed a naga warrior
  8344 | D:5      | Noticed a salamander mystic
  8358 | D:5      | Killed a cyclops
  8518 | D:5      | Killed from afar by a salamander mystic

Skill      XL: |  1  2  3  4  5  6  7 |
---------------+----------------------+-----
Spellcasting   | 3 4 5 |  5.7
Summonings     | 4 |  4.6
Dodging        | 2 |  2.3
Fighting       | 1 2 |  2.1
Axes           | 1 2 |  2.2
Stealth        | 2 |  2.6
Maces & Flails | |  0.1
Conjurations   | |  0.2
Hexes          | |  0.6
Invocations    | |  0.5

Action                   |  1- 3 |  4- 6 |  7- 9 || total
-------------------------+-------+-------+-------++-------
Melee: Club              |    18 |       |       ||    18
       Whip              |    69 |     8 |       ||    77
       Unarmed           |     2 |       |       ||     2
       Hand axe          |       |   188 |   114 ||   302
Throw: Stone             |     8 |       |       ||     8
 Cast: Summon Small Mamm |    25 |       |       ||    25
       Call Imp          |    14 |    58 |     6 ||    78
       Magic Dart        |     6 |     1 |       ||     7
       Summon Guardian G |       |     6 |    10 ||    16
       Call Canine Famil |       |     6 |     5 ||    11
Evoke: Deck              |     3 |     9 |       ||    12
  Use: Scroll            |     4 |     8 |     1 ||    13
 Stab: Distracted        |       |     3 |       ||     3
       Sleeping          |       |     1 |     1 ||     2
Armor: Robe              |    13 |    35 |    18 ||    66
Dodge: Dodged            |    80 |   165 |    76 ||   321
